cohdb
Replays
Latest Replays
All Replays
Popular Replays
Top Player Replays
Match Explorer
How It Works
Community
CoH3 Stats
Reddit
Sign in to upload your games and track your stats! →
Sign in with Steam
Match 43945270
Unlisted
Match 43945270
Overview
Messages
Build Orders
End
Vickers Machine Gun Team
Construct Section Command Post
Infantry Section
Infantry Section
Grenade Package
Infantry Section
Construct Field Infirmary
Selects Canadian Shock Battlegroup
Selects Incendiary Munitions
Construct Platoon Command Post
Unlock Bishop Self-propelled Artillery
Selects Pyrotechnics
6-pounder Anti-tank Gun Team
Bishop Self-propelled Artillery
Bishop Self-propelled Artillery
Royal Engineer Section
Light Vehicle Training
GruZ
Fyet
Zero Ambition
dj pauly d gtl
Sahin Emmi
Ziggy Stardust
0
0
Comments
sign in to comment!
No comments posted yet!